 Dungeon Crawl Stone Soup version 0.29.1-13-g9f3cf754e1 (webtiles) character file.

Game seed: 10089439944057568445

779 Hercules1031 the Covered (level 7, -4/63 HPs)
             Began as a Minotaur Fighter on Jan 19, 2023.
             Slain by Menkaure (18 damage)
             ... on level 4 of the Dungeon.
             The game lasted 00:08:48 (4001 turns).

Hercules1031 the Covered (Minotaur Fighter)         Turns: 4001, Time: 00:08:50

Health: -4/63      AC:  7    Str: 23    XL:     7   Next: 54%
Magic:  6/6        EV: 10    Int:  5    God:
Gold:   189        SH:  0    Dex:  9    Spells: 6/6 levels left

rFire   . . .      SeeInvis .   j - +7 quarterstaff "Newtslayer" {chaos, Stlth+}
rCold   . . .      Faith    .   (shield currently unavailable)
rNeg    . . .      Spirit   .   b - +0 scale mail
rPois   +          Reflect  .   (helmet restricted)
rElec   .          Harm     .   (no cloak)
rCorr   .          Rampage  .   (no gloves)
Will    .....                   (no boots)
Stlth   +.........              (no amulet)
HPRegen 0.20/turn               k - ring of poison resistance
MPRegen 0.10/turn               (no ring)

@: no status effects
A: horns 2, retaliatory headbutt
a: no special abilities


You were on level 4 of the Dungeon.
You visited 1 branch of the dungeon, and saw 4 of its levels.
You also visited: Sewer.

You collected 189 gold pieces.

Inventory:

Hand Weapons
 a - a +0 flail
 j - the +7 quarterstaff "Newtslayer" (weapon) {chaos, Stlth+}
   (You found it on level 2 of the Dungeon)

   Each time it hits an enemy it has a different, random effect.
   Stlth:     It makes you more stealthy.
 s - a +2 short sword of protection
 u - a +0 dagger of speed
 w - a +4 short sword
Missiles
 p - a throwing net (quivered)
Armour
 b - a +0 scale mail (worn)
 c - a +0 buckler
Jewellery
 k - a ring of poison resistance (left hand)
Scrolls
 e - a scroll of magic mapping
 f - 6 scrolls of identify
 g - 2 scrolls of teleportation
 l - 2 scrolls of silence {unknown}
 n - a scroll of vulnerability {unknown}
 o - 2 scrolls of amnesia {unknown}
 q - a scroll of poison {unknown}
 r - 2 scrolls of fear {unknown}
Potions
 d - a potion of might
 h - 3 potions of curing
 i - a potion of degeneration {unknown}
 m - 3 potions of invisibility {unknown}
 t - a potion of resistance {unknown}
 v - a potion of heal wounds {unknown}
 x - a potion of flight {unknown}
 z - a potion of lignification {unknown}


   Skills:
 + Level 6.2 Fighting
 + Level 5.5 Maces & Flails
 + Level 6.2 Armour
 + Level 6.1 Shields


You had 6 spell levels left.
You didn't know any spells.
Your spell library was empty.

Dungeon Overview and Level Annotations

Branches:
Dungeon (4/15)              Sewer (visited)
 Temple: D:4-7

Altars:
Cheibriados
Nemelex Xobeh
Trog
Wu Jian
Xom

Annotations:
D:4 Menkaure


Innate Abilities, Weirdness & Mutations

You have a pair of horns on your head.
You reflexively headbutt those who attack you in melee.


Message History

You kill the orc!
The orc hits you but does no damage. The orc completely misses you.
The orc wizard barely misses you.
The orc wizard hits you with a +1 dagger of speed.
You barely miss the orc. Your headbutt misses the orc.
The orc hits you with a +0 flail. The orc hits you with a +0 hand axe.
The orc wizard hits you but does no damage.
The orc wizard gestures at you while chanting.
You are more confused.
The orc hits you with a +0 flail. The orc hits you with a +0 hand axe.
Menkaure calls on the powers of darkness!
Your body is wracked with pain!
The orc convulses! x2
The orc wizard convulses!
The dart slug convulses!
The orc wizard hits you but does no damage.
Things that are here:
a +0 flail; a +0 chain mail You feel better.
The orc hits you with a +0 flail. The orc hits you but does no damage.
Menkaure hits you.
The orc wizard hits you but does no damage.
You sock Menkaure!
Menkaure convulses!
Menkaure is almost destroyed.
Menkaure calls on the powers of darkness!
The dart slug convulses!
Your body is wracked with pain!
* * * LOW HITPOINT WARNING * * *
The orc convulses! x2; The orc wizard convulses!
The orc hits you but does no damage. The orc hits you with a +0 flail.
* * * LOW HITPOINT WARNING * * *
The orc wizard hits you but does no damage. x2
Menkaure closely misses you. The orc closely misses you.
You furiously retaliate!
You headbutt the orc, but do no damage. The orc hits you with a +0 flail.
* * * LOW HITPOINT WARNING * * *
You barely miss Menkaure.
Menkaure is almost destroyed.
The orc wizard barely misses you. You furiously retaliate!
You headbutt the orc wizard, but do no damage.
The dart slug launches a dart at you.
The slug dart hits you but does no damage.
Menkaure hits you!!
You die...

####### ###********
......# #..,,,,,,,*
......# #.####***,*
......# #.#..,# *,*
......##
#######.#.#.###,*
.......#
#.........#...#,*
.......#
#......Mw...#.#,*
.......#
#.....o@o.....#,*
###.##.#
#!......o.#.###,*
###..#.#########'#.#,*
*,*
..................>#,*
*,*
.....#...........#.#,*
*,*
.###.#..#####+####.#,*
*,* .# ###..#,,,*,*
*,#,* *,* .#*
#..#,*,*,****,*,* *,*
..# #..#,*,*,*,,,,,,*
*,*


You could see Menkaure (fast), an orc wizard, a dart slug and 2 orcs.

Vanquished Creatures
  6 kobold brigands (Sewer)
  A necrophage (D:4)
  A hound (D:4)
  A gnoll bouda (D:3)
  Jessica (D:2)
  Terence (D:2)
  Robin (D:2)
  5 gnolls (D:3)
  An adder (D:3)
  A river rat (Sewer)
  3 worms
  3 dart slugs
  2 orcs (D:4)
  8 endoplasms
  12 goblins
  9 hobgoblins
  11 jackals
  15 kobolds
  9 quokkas
  6 ball pythons
  6 bats
  4 frilled lizards
  8 rats
115 creatures vanquished.

Notes
Turn   | Place    | Note
-------+----------+-------------------------------------------
     0 | D:1      | Hercules1031 the Minotaur Fighter began the quest for the
                  | Orb.
     0 | D:1      | Reached XP level 1. HP: 19/19 MP: 0/0
   335 | D:1      | Reached XP level 2. HP: 27/27 MP: 1/1
  1012 | D:1      | Reached XP level 3. HP: 30/33 MP: 2/2
  1150 | D:2      | Noticed Jessica
  1155 | D:2      | Killed Jessica
  1156 | D:2      | Found a faded altar of an unknown god.
  1158 | D:2      | Identified the +7 quarterstaff "Newtslayer" {chaos, Stlth+}
  1322 | D:2      | Noticed Terence
  1330 | D:2      | Killed Terence
  1331 | D:2      | Reached XP level 4. HP: 41/41 MP: 3/3
  1546 | D:2      | Noticed Robin
  1554 | D:2      | Killed Robin
  1730 | D:2      | Found a shimmering altar of Xom.
  2077 | D:3      | Reached XP level 5. HP: 43/47 MP: 4/4
  2375 | D:3      | Found a snail-covered altar of Cheibriados.
  2381 | D:3      | Reached skill level 5 in Armour
  2408 | D:3      | Reached skill level 5 in Fighting
  2596 | D:3      | Reached skill level 5 in Shields
  2654 | D:3      | Found a sparkling altar of Nemelex Xobeh.
  2655 | D:3      | Found a bloodstained altar of Trog.
  2656 | D:3      | Found an ornate altar of the Wu Jian Council.
  2716 | D:4      | Reached XP level 6. HP: 51/56 MP: 5/5
  2722 | D:4      | Found a glowing drain.
  2738 | Sewer    | Entered a sewer
  3262 | Sewer    | Reached skill level 5 in Maces & Flails
  3262 | Sewer    | Reached XP level 7. HP: 49/62 MP: 6/6
  3993 | D:4      | Noticed Menkaure
  4001 | D:4      | Slain by Menkaure

Illustrated notes

Levels and vault maps discovered:
D:1:      dpeg_arrival_shrine, layout_basic
D:2:      cheibrodos_helix_gallery, layout_loops_ring, basic_altar,
          basic_ecumenical_altar, nrook_mini_backslash, uniq_jessica,
          uniq_robin, uniq_terence
D:3:      layout_rooms, mainiacjoe_overflow_alcove_3
D:4:      layout_basic, cheibrodos_sewer_entry_drain, roderic_serpentine_path,
          minmay_misc_feat_square, uniq_menkaure

Skill      XL: |  1  2  3  4  5  6  7 |
---------------+----------------------+-----
Armour         | 4 5 6 |  6.2
Fighting       | 4 5 6 |  6.2
Maces & Flails | 3 4 5 |  5.5
Shields        | 4 5 6 |  6.1

Action                   |  1- 3 |  4- 6 |  7- 9 || total
-------------------------+-------+-------+-------++-------
Melee: Flail             |    57 |       |       ||    57
       Headbutt          |     5 |     8 |     5 ||    18
       Quarterstaff      |    10 |   107 |    53 ||   170
  Use: Scroll            |       |     3 |       ||     3
       Potion            |       |       |     1 ||     1
Armor: Scale mail        |    40 |    30 |    28 ||    98
Dodge: Dodged            |    47 |    46 |    20 ||   113
Block: Buckler           |    15 |       |       ||    15
